 Dungeon Crawl Stone Soup version 0.31-a0-339-gda1cbd555d (webtiles) character file.

Game seed: 17770754247947188589

48 Iniera the Vexing (level 3, 0/25 HPs)
             Began as a Vampire Hexslinger on July 20, 2023.
             Slain by a goblin
             ... wielding a +0 dagger
             ... led by Robin
              (5 damage)
             ... on level 2 of the Dungeon.
             The game lasted 00:02:52 (986 turns).

Iniera the Vexing (Vampire Hexslinger)               Turns: 986, Time: 00:02:53

Health: 0/25       AC:  2    Str:  7    XL:     3   Next: 50%
Magic:  4/4        EV: 12    Int: 15    God:
Gold:   72         SH:  0    Dex: 18    Spells: 3/4 levels left

rFire   + . .        a - +1 sling
rCold   . . .        (no shield)
rNeg    . . .        c - +0 robe
rPois   .            (no helmet)
rElec   .            (no cloak)
rCorr   .            (no gloves)
SInv    +            (no boots)
Will    .....        (no amulet)
Stlth   ++           f - ring of protection from fire
HPRegen 0.44/turn    (no ring)
MPRegen 0.09/turn

%: no passive effects
@: healing quickly
A: alive, fangs 3, see invisible, vampiric 2
a: Exsanguinate


You were on level 2 of the Dungeon.
You visited 1 branch of the dungeon, and saw 2 of its levels.

You collected 72 gold pieces.

Inventory:

Hand Weapons
 a - a +1 sling (weapon)
Armour
 c - a +0 robe (worn)
Jewellery
 f - a ring of protection from fire (left hand)
Scrolls
 b - a scroll of poison
 e - a scroll of brand weapon {unknown}
 g - a scroll of noise {unknown}
 h - 2 scrolls of silence {unknown}
 i - a scroll of teleportation {unknown}
 j - a scroll of fog {unknown}
Potions
 d - a potion of heal wounds {unknown}
 k - 2 potions of haste {unknown}


   Skills:
 - Level 0.8 Fighting
 * Level 3.2 Ranged Weapons
 - Level 2.1 Dodging
 - Level 1.0 Spellcasting
 - Level 4.4 Hexes


You had 3 spell levels left.
You knew the following spells:

 Your Spells              Type           Power      Damage    Failure   Level
a - Slow                  Hex            52%        N/A       4%          1

Your spell library contained the following spells:

 Spells                   Type           Power      Damage    Failure   Level
 Inner Flame              Hex/Fire       7%         N/A       30%         3
 Portal Projectile        Hex/Tloc       14%        N/A       30%         3
 Cause Fear               Hex            6%         N/A       38%         4
 Yara's Violent Unravell  Hex/Tmut       3%         3d4       95%         5
 Enfeeble                 Hex            6%         N/A       100%        7


Dungeon Overview and Level Annotations

Branches:
Dungeon (2/15)

Altars:

Annotations:
D:2 Robin


Innate Abilities, Weirdness & Mutations

Your natural rate of healing is accelerated.
You have razor-sharp teeth.
You have supernaturally acute eyesight. (SInv)
You are afflicted with vampirism and can become a bat while bloodless.


Message History

There are monsters nearby!
There are monsters nearby!
You shoot a sling bullet. The sling bullet hits the hobgoblin.
The hobgoblin is lightly wounded.
The hobgoblin closely misses you.
Robin roars a battlecry!
A goblin comes into view. It is wielding a +0 club.
The hobgoblin hits you.
You hear a shout!
You shoot a sling bullet. The sling bullet hits the hobgoblin.
You kill the hobgoblin!
You hear a shout!
A goblin comes into view. It is wielding a +0 dagger.
You shoot a sling bullet. The sling bullet hits Robin.
Robin is moderately wounded.
Robin hits you from afar with a +0 spear.
You shoot a sling bullet.
The sling bullet closely misses the goblin.
The goblin hits you with a +0 club. Robin closely misses you.
You shoot a sling bullet.
The sling bullet closely misses the goblin.
The sling bullet barely misses the goblin.
The goblin barely misses you. Robin throws the goblin at you!
The goblin hits you with a +0 club. The goblin closely misses you.
You shoot a sling bullet. The sling bullet hits the goblin.
The goblin is heavily wounded.
Robin barely misses you. The goblin barely misses you.
The goblin hits you with a +0 club. Robin barely misses you.
You are too injured to fight recklessly!
You are too injured to fight recklessly!
You are too injured to fight recklessly!
You shoot a sling bullet.
The sling bullet closely misses the goblin.
The goblin hits you with a +0 club. The goblin hits you with a +0 dagger.
Robin hits you from afar with a +0 spear.
* * * LOW HITPOINT WARNING * * *
You shoot a sling bullet.
The sling bullet completely misses the goblin.
The goblin closely misses you. The goblin hits you with a +0 dagger.
You die...

......# #.# ......#
#########.#
......##########.........#
..............##.###..####
......####...###...#....#
......# #.....###.#.##.###
......# ###..g#.#.#.##...#
......# #.........#.####.#
......####.##..g@g.#.##...#
.........#....#....#.##.###
.........####.#....#....#
.........####g##.#.###..#
......)..'g...#....# #..#
........g######....# #..#
.........# #.#... #..#
......g..# .. ..#.#..#
.........# ####


You could see Robin and 2 goblins.

Vanquished Creatures
  2 dart slugs
  3 bats
  6 endoplasms
  2 giant cockroaches (D:1)
  7 goblins (D:1)
  4 hobgoblins
  6 kobolds
  A quokka (D:1)
  4 ball pythons
  A frilled lizard (D:1)
36 creatures vanquished.

Notes
Turn   | Place    | Note
-------+----------+-------------------------------------------
     0 | D:1      | Iniera the Vampire Hexslinger began the quest for the Orb.
     0 | D:1      | Reached XP level 1. HP: 14/14 MP: 2/2
   135 | D:1      | Reached XP level 2. HP: 20/20 MP: 3/3
   290 | D:1      | Found a faded altar of an unknown god.
   386 | D:1      | Gained mutation: You are afflicted with vampirism and can
                  | become a bat while bloodless. [Vampire growth]
   386 | D:1      | Reached XP level 3. HP: 19/25 MP: 4/4
   793 | D:2      | Noticed Robin
   986 | D:2      | Slain by a goblin

Illustrated notes

Levels and vault maps discovered:
D:1:      tarquinn_simple_flora_water_a, layout_basic, serial_glass,
          glass_columns_a, glass_columns_c, glass_columns_b, glass_columns_a,
          basic_ecumenical_altar
D:2:      layout_basic, chequers_serial_rivers_micro_b, uniq_robin

Skill      XL: |  1  2  3 |
---------------+----------+-----
Ranged Weapons | 2 3 |  3.2
Fighting       | |  0.8
Dodging        | |  2.1
Spellcasting   | |  1.0
Hexes          | |  4.4

Action                     || total
---------------------------++-------
   Fire: Sling             ||   132
   Cast: Slow              ||     6
 Armour: Robe              ||     9
  Dodge: Dodged            ||    60

Table legend: (Time is in decaauts)
 A = Elapsed time spent in this place.
 B = Non-inter-level travel time spent in this place.
 C = Inter-level travel time spent in this place.
 D = Time resting spent in this place.
 E = Time spent auto-exploring this place.
 F = Levels seen in this place.
 G = Mean time per level.
                   A        B        C        D        E       F      G
               +--------+--------+--------+--------+--------+-----+--------+
         Total |   1023 |    992 |     31 |     67 |    647 |   2 |  511.5 |
       Dungeon |   1023 |    992 |     31 |     67 |    647 |   2 |  511.5 |
               +--------+--------+--------+--------+--------+-----+--------+

Top non-repeatable levels by time:
     D:1: 694 daAuts
     D:2: 329 daAuts
